AoeStats
← Hanson

African Clearing

505844422Analyzed
4v4 RM · 22d ago on Sep 11, 2026· 66m 41s· 8 players
Game mode
Random Map
Map size
Large (8 player)
Population
200
Speed
Normal
Resources
Standard
Victory
Conquest
Starting age
Dark Age
Ending age
Imperial Age
RankedLock teamsTeams togetherTeam positionsShared explorationLock speedFull tech treeHidden civsTurbo modeCheats
Victory
Defeat
🇨🇱 Mongols · Chile
943
+15
🇨🇱 Khmer · Chile
902
+17
🇳🇱 Spanish · Netherlands
897
+17
🇺🇸 Huns · United States
868
+18
🇨🇳 Spanish · China
966
-18
🇨🇳 Turks · China
935
-17
🇨🇳 Magyars · China
925
-17
🇭🇰 Goths · Hong Kong SAR China
871
-15
OK旺仔
10:35 Loom
18:01 Feudal Age
18:48 Double-Bit Axe
18:44 Horse Collar
26:36 Castle Age
27:27 Fletching
27:38 Padded Archer Armor
27:47 Pikeman
30:41 Thumb Ring
30:54 Leather Archer Armor
30:34 Bodkin Arrow
32:39 Bow Saw
40:28 Wheelbarrow
41:21 Heavy Plow
41:16 Stone Mining
41:16 Gold Mining
42:07 Ballistics
44:56 Treadmill Crane
45:29 Masonry
48:56 Imperial Age
46:42 Hand Cart
50:58 Parthian Tactics
49:54 Heavy Cavalry Archer
51:06 Conscription
50:47 Recurve Bow
50:47 Town Watch
51:04 Bracer
53:47 Ring Archer Armor
54:20 Chemistry
53:30 Siege Engineers
54:42 Halberdier
55:26 Scale Mail Armor
55:27 Murder Holes
57:08 Chain Mail Armor
60:34 Two-Man Saw
60:10 Gold Shaft Mining
60:07 Crop Rotation
60:31 Arson
60:48 Town Patrol
Hanson
6:17 Loom
16:01 Feudal Age
21:48 Castle Age
20:18 Double-Bit Axe
20:30 Horse Collar
22:20 Wheelbarrow
21:43 Man-at-Arms
22:39 Long Swordsman
29:12 Forging
29:24 Hand Cart
30:34 Town Watch
32:23 Heavy Plow
33:41 Caravan
34:11 Scale Mail Armor
35:01 Pikeman
36:42 Iron Casting
36:22 Chain Mail Armor
42:11 Stone Mining
46:27 Imperial Age
44:18 Squires
45:20 Stone Shaft Mining
45:21 Bow Saw
46:56 Halberdier
48:01 Conscription
48:23 Crop Rotation
55:26 Blast Furnace
55:45 Two-Handed Swordsman
少打游戏多学习
9:32 Loom
14:43 Feudal Age
16:03 Horse Collar
16:32 Double-Bit Axe
20:40 Castle Age
19:48 Forging
20:22 Bloodlines
22:15 Heavy Plow
22:40 Bow Saw
23:17 Stone Mining
24:42 Wheelbarrow
25:56 Scale Barding Armor
26:34 Town Watch
28:49 Hand Cart
33:03 Imperial Age
31:16 Gold Mining
31:34 Husbandry
32:15 Padded Archer Armor
32:07 Fletching
33:38 Gold Shaft Mining
34:00 Town Patrol
35:38 Bodkin Arrow
36:01 Leather Archer Armor
36:25 Iron Casting
37:34 Conscription
37:18 Artillery
37:40 Conscription
38:30 Ring Archer Armor
39:16 Ballistics
39:08 Masonry
40:22 Elite Janissary
43:37 Heavy Camel Rider
44:58 Caravan
45:36 Bracer
46:40 Blast Furnace
60:44 Scale Mail Armor
开局一片田
11:02 Loom
12:49 Feudal Age
17:20 Castle Age
15:59 Fletching
SuppleLemur0
14:22 Feudal Age
12:55 Loom
14:33 Man-at-Arms
27:46 Castle Age
26:16 Gold Mining
26:16 Stone Mining
26:57 Bloodlines
28:28 Double-Bit Axe
28:43 Fletching
28:53 Padded Archer Armor
31:20 Caravan
33:37 Thumb Ring
33:29 Bodkin Arrow
34:50 Wheelbarrow
35:49 Husbandry
36:05 Leather Archer Armor
41:07 Imperial Age
41:10 Hand Cart
41:28 Ballistics
41:04 Murder Holes
41:20 Masonry
44:04 Parthian Tactics
43:58 Guilds
45:15 Chemistry
44:37 Heavy Cavalry Archer
45:49 Conscription
46:41 Gold Shaft Mining
45:54 Cavalier
46:46 Forging
46:41 Scale Barding Armor
46:46 Bracer
49:06 Paladin
53:26 Iron Casting
52:56 Scale Barding Armor
57:41 Blast Furnace
57:02 Chain Barding Armor
Bombardiro Eduardito
9:43 Loom
15:25 Feudal Age
16:00 Double-Bit Axe
25:30 Castle Age
23:54 Horse Collar
24:37 Bloodlines
25:19 Scale Barding Armor
25:25 Forging
27:30 Wheelbarrow
27:03 Gold Mining
27:34 Bow Saw
28:54 Husbandry
29:17 Chain Barding Armor
31:00 Light Cavalry
32:25 Town Watch
41:52 Imperial Age
40:20 Iron Casting
41:35 Stone Mining
43:32 Chemistry
42:41 Padded Archer Armor
43:42 Blast Furnace
44:00 Bow Saw
44:49 Gold Shaft Mining
44:51 Leather Archer Armor
45:19 Conscription
46:16 Double Crossbow
47:54 Tusk Swords
49:12 Elite Ballista Elephant
54:27 Ring Archer Armor
56:28 Siege Engineers
56:26 Heavy Scorpion
56:28 Onager
59:47 Plate Barding Armor
58:57 Elite Skirmisher
59:32 Fletching
61:13 Ballistics
vrienden0
5:09 Loom
15:19 Feudal Age
15:27 Man-at-Arms
17:42 Bloodlines
28:37 Castle Age
27:06 Double-Bit Axe
27:37 Gold Mining
28:13 Horse Collar
29:49 Stone Mining
30:12 Bow Saw
32:00 Heavy Plow
31:26 Light Cavalry
32:08 Husbandry
33:43 Forging
33:37 Town Watch
35:31 Iron Casting
37:14 Fervor
38:29 Wheelbarrow
40:33 Hand Cart
40:21 Caravan
40:36 Fishing Lines
41:33 Fletching
44:35 Imperial Age
43:29 Scale Barding Armor
43:20 Bodkin Arrow
43:26 Padded Archer Armor
44:13 Gillnets
45:15 Elite Conquistador
46:17 Leather Archer Armor
46:48 Ballistics
47:46 Blast Furnace
47:30 Masonry
48:00 Chain Barding Armor
47:42 Bracer
48:54 Ring Archer Armor
50:09 Chemistry
50:08 Conscription
51:58 Plate Barding Armor
52:48 Scale Mail Armor
52:19 Cavalier
54:29 Two-Man Saw
54:14 Stone Shaft Mining
56:22 Chain Mail Armor
60:46 Paladin
63:44 Architecture
63:37 Bombard Tower
63:50 Plate Mail Armor
66:02 Hussar
CL.EstebanSKT
5:10 Loom
14:58 Feudal Age
17:01 Bloodlines
18:07 Forging
18:58 Scale Barding Armor
21:21 Wheelbarrow
25:48 Castle Age
27:19 Double-Bit Axe
31:56 Hand Cart
33:51 Gold Mining
33:53 Stone Mining
38:36 Caravan
39:42 Husbandry
42:26 Imperial Age
41:19 Bow Saw
41:59 Nomads
43:52 Conscription
43:54 Drill
44:25 Cavalier
46:13 Iron Casting
46:00 Chain Barding Armor
45:48 Light Cavalry
51:30 Heavy Camel Rider
54:20 Elite Mangudai
55:01 Fletching
55:12 Padded Archer Armor
59:02 Capped Ram
59:26 Hussar
60:16 Onager
Connection lost

Rejoining the realm…

Still unreachable

The connection could not be restored.

Session expired

The server has moved on; the page needs a fresh start.